 Dungeon Crawl Stone Soup version 0.30.0 (webtiles) character file.

Game seed: 12651812390057129313

937 dialectric the Slasher (level 7, -9/55 HPs)
             Began as a Demonspawn Fighter on May 7, 2023.
             Mangled by Edmund
             ... wielding a +2 flail of holy wrath
              (11 damage)
             ... on level 5 of the Dungeon.
             The game lasted 00:06:50 (4378 turns).

dialectric the Slasher (Demonspawn Fighter)         Turns: 4378, Time: 00:06:51

Health: -9/55      AC: 10    Str: 18    XL:     7   Next: 87%
Magic:  7/7        EV: 10    Int: 10    God:
Gold:   183        SH:  0    Dex: 14    Spells: 6/6 levels left

rFire   . . .        a - +0 long sword
rCold   . . .        (no shield)
rNeg    . . .        b - +0 scale mail
rPois   .            k - +0 helmet
rElec   .            (no cloak)
rCorr   .            j - +0 pair of gloves
SInv    .            y - +0 pair of boots
Will    .....        (no amulet)
Stlth   ++           (no ring)
HPRegen 0.29/turn    (no ring)
MPRegen 0.10/turn

%: no passive effects
@: no status effects
A: thin skeletal structure 1, ignite blood 1, demonic touch 2, mutation
resistance 1
a: no special abilities


You were on level 5 of the Dungeon.
You visited 1 branch of the dungeon, and saw 5 of its levels.
You also visited: Sewer.

You collected 183 gold pieces.

Inventory:

Hand Weapons
 a - a +0 long sword (weapon)
Missiles
 n - 2 javelins
 A - 3 curare-tipped darts (quivered)
Armour
 b - a +0 scale mail (worn)
 i - a +0 chain mail
 j - a +0 pair of gloves (worn)
 k - a +0 helmet (worn)
 y - a +0 pair of boots (worn)
Jewellery
 e - an amulet of faith
Wands
 s - a wand of quicksilver (18)
 x - a wand of flame (12)
 B - a wand of paralysis (3)
Scrolls
 f - 2 scrolls of fear {unknown}
 o - a scroll of magic mapping {unknown}
 p - 4 scrolls of teleportation {unknown}
 q - a scroll of identify {unknown}
 r - a scroll of immolation {unknown}
 u - a scroll of enchant armour {unknown}
 C - a scroll of enchant weapon {unknown}
 D - a scroll of noise {unknown}
Potions
 c - 7 potions of haste
 d - a potion of might
 g - a potion of curing
 h - 2 potions of mutation
 l - 2 potions of resistance {unknown}
 m - 2 potions of degeneration {unknown}
 t - a potion of attraction {unknown}
 v - a potion of heal wounds {unknown}
 w - a potion of magic {unknown}
 z - a potion of ambrosia {unknown}


   Skills:
 * Level 4.9 Fighting
 + Level 5.7 Long Blades
 + Level 4.8 Armour
 + Level 1.5 Dodging
 - Level 2.0 Stealth
 - Level 2.6 Shields


You had 6 spell levels left.
You didn't know any spells.
Your spell library contained the following spells:

 Spells                   Type           Power      Damage    Failure   Level
 Freeze                   Ice            0%         1d3       75%         1
 Sting                    Tmut/Pois      0%         1d3       75%         1
 Poisonous Vapours        Pois/Air       0%         N/A       86%         2
 Frozen Ramparts          Ice            0%         1d1       98%         3
 Hailstorm                Conj/Ice       0%         3d3       98%         3
 Olgreb's Toxic Radiance  Pois           0%         N/A       100%        4


Dungeon Overview and Level Annotations

Branches:
Dungeon (5/15)              Sewer (visited)
 Temple: D:4-7

Altars:

Shops:
D:4 *   D:5 (:

Annotations:
D:5 Edmund


Innate Abilities, Weirdness & Mutations

You have a somewhat thin skeletal structure. (Dex +2, Stealth+)
Your demonic aura sometimes causes spilled blood to erupt in flames.
Your touch may inflict irresistible damage on your foes.
You are somewhat resistant to further mutation.


Message History

You convulse.
You closely miss Edmund.
Edmund is moderately wounded.
Edmund hits you with a +2 flail of holy wrath.
You convulse.
Edmund misses you.
You barely miss Edmund.
Edmund is moderately wounded.
Edmund hits you with a +2 flail of holy wrath.
You convulse.
You are too injured to fight recklessly!
You are too injured to fight recklessly!
You are too injured to fight recklessly!
You are too injured to fight recklessly!
You are too injured to fight recklessly!
You are too injured to fight recklessly!
Unknown command.
You slash Edmund!
Edmund is heavily wounded.
Edmund closely misses you.
You slash Edmund! Your touch misses Edmund.
Edmund is severely wounded.
Edmund hits you with a +2 flail of holy wrath!
* * * LOW HITPOINT WARNING * * *
You convulse.
* * * LOW HITPOINT WARNING * * *
You barely miss Edmund.
Edmund is severely wounded.
Edmund hits you with a +2 flail of holy wrath.
* * * LOW HITPOINT WARNING * * *
You convulse.
* * * LOW HITPOINT WARNING * * *
You hit Edmund but do no damage. You punch Edmund, but do no damage.
Edmund is severely wounded.
Edmund barely misses you.
You closely miss Edmund. Your touch misses Edmund.
Edmund is severely wounded.
Edmund hits you with a +2 flail of holy wrath!
* * * LOW HITPOINT WARNING * * *
You convulse!
You die...

#............)##.#
########.....)#.#.#
######.#.....# #.. P
.######........#..#.#.##
...............#..##.#
######.####......##.##
#.# ######.##..## #.#
#......# #@# ##.⌠.⌠.#
#@# #####...... ###.#
#.# #.......∩... ....#
#.# #.####.....# ##..##
#.# #.# #(⌠.⌠.# ......
#.# #.# #.....# ##..##
#.# #.#####.#### ##. #.#
#.#.....††.. ....
#.#####.#†########


You could see Edmund.

Vanquished Creatures
  3 kobold brigands (Sewer)
  A scorpion (D:4)
  4 killer bees (D:5)
  3 hounds (D:5)
  A jelly (D:5)
  3 iguanas
  Terence (D:2)
  6 gnolls
  9 adders
  A river rat (Sewer)
  9 worms
  3 dart slugs
  3 orcs
  9 ball pythons
  5 bats
  11 endoplasms
  6 giant cockroaches
  8 goblins
  6 hobgoblins
  4 jackals (D:1)
  5 quokkas
  3 frilled lizards
  7 kobolds
  6 rats
117 creatures vanquished.

Vanquished Creatures (others)
  3 plants
3 creatures vanquished.

Grand Total: 120 creatures vanquished

Notes
Turn   | Place    | Note
-------+----------+-------------------------------------------
     0 | D:1      | dialectric the Demonspawn Fighter began the quest for the
                  | Orb.
     0 | D:1      | Reached XP level 1. HP: 18/18 MP: 1/1
   140 | D:1      | Gained mutation: Your touch may inflict minor irresistible
                  | damage on your foes. [demonic ancestry]
   140 | D:1      | Reached XP level 2. HP: 24/24 MP: 2/2
   154 | D:1      | Reached skill level 2 in Long Blades
   522 | D:1      | Gained mutation: Your demonic aura sometimes causes spilled
                  | blood to erupt in flames. [demonic ancestry]
   522 | D:1      | Reached XP level 3. HP: 29/29 MP: 3/3
   992 | D:2      | Noticed Terence
   997 | D:2      | Killed Terence
  1152 | D:2      | Gained mutation: You have a somewhat thin skeletal
                  | structure. (Dex +2, Stealth+) [demonic ancestry]
  1152 | D:2      | Reached XP level 4. HP: 17/35 MP: 4/4
  1819 | D:3      | Reached skill level 3 in Long Blades
  1953 | D:3      | Found a glowing drain.
  1957 | Sewer    | Entered a sewer
  2047 | Sewer    | Reached XP level 5. HP: 38/42 MP: 5/5
  2115 | Sewer    | Reached skill level 1 in Stealth
  2211 | Sewer    | Gained mutation: Your touch may inflict irresistible damage
                  | on your foes. [demonic ancestry]
  2211 | Sewer    | Reached XP level 6. HP: 25/48 MP: 6/6
  2384 | Sewer    | Reached skill level 4 in Long Blades
  2384 | Sewer    | Reached skill level 1 in Dodging
  3451 | D:4      | Reached XP level 7. HP: 54/54 MP: 7/7
  3922 | D:4      | Found Orchoi's CLEARANCE SALE!.
  3958 | D:5      | Entered Level 5 of the Dungeon
  4002 | D:5      | Reached skill level 5 in Long Blades
  4153 | D:5      | Found Hios's Vocational Training.
  4167 | D:5      | Gained mutation: You are somewhat resistant to further
                  | mutation. [potion of mutation]
  4323 | D:5      | Found Bakuhoc's Weapon Shop.
  4365 | D:5      | Noticed Edmund
  4378 | D:5      | HP: 2/55 [Edmund/+2 flail of holy wrath (8)]
  4378 | D:5      | Mangled by Edmund

Illustrated notes

Levels and vault maps discovered:
D:1:      lightli_arrival_quake, layout_basic, minmay_tromino_i4
D:2:      layout_basic, uniq_terence
D:3:      layout_loops_ring, gup_sewer_entry_bowl,
          chequers_serial_rivers_micro_d, serial_bayou_crossing
D:4:      layout_basic, serial_curves, eino_curves_02, eino_curves_03,
          eino_curves_02, eino_curves_02, nicolae_shop_clearance
D:5:      minmay_thinvault, layout_loops_ring, nicolae_overflows_in_rows,
          serial_shops, nicolae_shop_overgrown_old_shop,
          nicolae_shop_gaudy_bauble, nicolae_square_shop,
          nicolae_shop_vocational, uniq_menkaure, uniq_edmund

Skill      XL: |  1  2  3  4  5  6  7 |
---------------+----------------------+-----
Armour         | 3 4 |  4.8
Long Blades    | 2 3 4 5 |  5.7
Stealth        | 1 2 |  2.0
Fighting       | 4 |  4.9
Dodging        | 1 |  1.5
Shields        | |  2.6

Action                     |  1- 3 |  4- 6 |  7- 9 || total
---------------------------+-------+-------+-------++-------
  Melee: Long sword        |    76 |   162 |    62 ||   300
         Touch             |     3 |    32 |     9 ||    44
         Punch             |       |     3 |     2 ||     5
  Throw: Dart              |       |       |     3 ||     3
  Evoke: Wand              |       |       |     5 ||     5
    Use: Potion            |       |       |     3 ||     3
   Stab: Sleeping          |       |     4 |     1 ||     5
 Armour: Scale mail        |    38 |    65 |    32 ||   135
  Dodge: Dodged            |    31 |    72 |    32 ||   135
